AoeStats
← damianosdanielakos

Arena

509962792Analyzed
4v4 RM · 3d ago on Sep 28, 2026· 27m 55s· 8 players
Game mode
Random Map
Map size
Large (8 player)
Population
200
Speed
Normal
Resources
Standard
Victory
Conquest
Starting age
Dark Age
Ending age
Imperial Age
RankedLock teamsTeams togetherTeam positionsShared explorationLock speedFull tech treeHidden civsTurbo modeCheats
Victory
Defeat
🇹🇷 Bohemians · Türkiye
653
+7
🇪🇸 Goths · Spain
641
+7
🇪🇸 Persians · Spain
610
+8
🇹🇷 Britons · Türkiye
559
+9
🇵🇱 Vietnamese · Poland
467
-9
🇵🇹 Portuguese · Portugal
451
-9
🇺🇸 Goths · United States
399
-7
🇵🇱 Persians · Poland
347
-6
POLKOS
2:08 Loom
13:21 Feudal Age
14:08 Stone Mining
14:09 Gold Mining
15:03 Wheelbarrow
14:53 Town Watch
14:53 Horse Collar
15:04 Double-Bit Axe
21:35 Castle Age
22:21 Heavy Plow
22:36 Bow Saw
23:10 Stone Shaft Mining
22:54 Hand Cart
26:51 Town Patrol
28:23 Fortified Wall
27:54 Treadmill Crane
Ambwind
0:37 Loom
12:45 Feudal Age
14:05 Wheelbarrow
16:57 Double-Bit Axe
17:49 Horse Collar
21:34 Castle Age
20:21 Scale Mail Armor
25:01 Hand Cart
24:57 Heavy Plow
26:06 Forging
26:12 Chain Mail Armor
26:50 Man-at-Arms
27:34 Squires
27:51 Long Swordsman
Erekian0
7:46 Loom
13:06 Feudal Age
15:21 Wheelbarrow
14:33 Town Watch
14:31 Horse Collar
14:49 Double-Bit Axe
18:12 Gold Mining
19:05 Bloodlines
20:04 Stone Mining
25:42 Scale Barding Armor
damianosdanielakos
12:36 Feudal Age
13:46 Wheelbarrow
13:01 Double-Bit Axe
13:16 Gold Mining
14:20 Horse Collar
16:10 Stone Mining
16:50 Loom
23:44 Castle Age
22:38 Fletching
23:10 Man-at-Arms
24:04 Bloodlines
24:46 Hand Cart
25:57 Caravan
26:49 Gold Shaft Mining
26:27 Bow Saw
RuubenESP
1:33 Loom
9:21 Feudal Age
10:45 Wheelbarrow
16:29 Castle Age
21:10 Horse Collar
22:20 Double-Bit Axe
23:10 Kamandaran
23:57 Bow Saw
25:31 Crossbowman
xerrinho
0:37 Loom
13:06 Feudal Age
15:28 Double-Bit Axe
17:49 Castle Age
18:28 Horse Collar
21:56 Heavy Plow
22:20 Bow Saw
22:52 Gold Mining
23:11 Stone Mining
26:47 Wheelbarrow
25:48 Man-at-Arms
26:48 Long Swordsman
27:31 Squires
26:53 Pikeman
birtanonline
0:43 Loom
14:37 Feudal Age
15:19 Double-Bit Axe
15:20 Horse Collar
15:29 Town Watch
16:36 Wheelbarrow
19:44 Fletching
20:32 Padded Archer Armor
23:35 Castle Age
24:11 Bodkin Arrow
24:27 Bow Saw
24:44 Caravan
24:55 Town Patrol
26:34 Heavy Plow
v2_Snake
11:29 Feudal Age
12:47 Wheelbarrow
13:13 Double-Bit Axe
13:16 Loom
18:20 Gold Mining
19:58 Horse Collar
24:38 Castle Age
23:44 Stone Mining
25:34 Hand Cart
25:58 Gold Shaft Mining
25:36 Bow Saw
25:37 Caravan
25:41 Heavy Plow
26:19 Fletching
26:30 Padded Archer Armor
27:49 Bodkin Arrow
28:10 Leather Archer Armor
Connection lost

Rejoining the realm…

Still unreachable

The connection could not be restored.

Session expired

The server has moved on; the page needs a fresh start.